 Dungeon Crawl Stone Soup version 0.31-a0-1098-g6898e6545c (webtiles) character file.

Game seed: 16018891505262568424

170 gruber the Shooter (level 5, -8/42 HPs)
             Began as a Minotaur Hunter on Nov 30, 2023.
             Mangled by a black bear (9 damage)
             ... on level 4 of the Dungeon.
             The game lasted 00:01:09 (2398 turns).

gruber the Shooter (Minotaur Hunter)                Turns: 2398, Time: 00:01:10

Health: -8/42      AC:  4    Str: 15    XL:     5   Next: 25%
Magic:  4/4        EV: 12    Int:  6    God:
Gold:   130        SH:  0    Dex: 16    Spells: 4/4 levels left

rFire   . . .        a - +0 shortbow
rCold   . . .        (shield currently unavailable)
rNeg    . . .        c - +0 leather armour
rPois   .            (helmet restricted)
rElec   .            (no cloak)
rCorr   .            r - +0 pair of gloves
SInv    .            (no boots)
Will    .....        (no amulet)
Stlth   +            (no ring)
HPRegen 0.27/turn    (no ring)
MPRegen 0.09/turn

%: no passive effects
@: no status effects
A: horns 2, retaliatory headbutt
a: no special abilities


You were on level 4 of the Dungeon.
You visited 1 branch of the dungeon, and saw 4 of its levels.

You collected 130 gold pieces.

Inventory:

Hand Weapons
 a - a +0 shortbow (weapon)
Armour
 c - a +0 leather armour (worn)
 r - a +0 pair of gloves (worn)
Scrolls
 b - a scroll of butterflies
 e - 3 scrolls of enchant weapon {unknown}
 g - a scroll of immolation {unknown}
 h - 3 scrolls of teleportation {unknown}
 k - 3 scrolls of identify {unknown}
 o - a scroll of fear {unknown}
 p - a scroll of noise {unknown}
 q - a scroll of brand weapon {unknown}
 t - a scroll of blinking {unknown}
Potions
 d - 2 potions of attraction {unknown}
 f - a potion of invisibility {unknown}
 i - 3 potions of curing {unknown}
 j - a potion of enlightenment {unknown}
 l - a potion of resistance {unknown}
 m - 3 potions of heal wounds {unknown}
 n - a potion of magic {unknown}
 s - a potion of might {unknown}


   Skills:
 - Level 2.4 Fighting
 + Level 7.2 Ranged Weapons
 - Level 2.1 Dodging
 - Level 0.7 Stealth


You had 4 spell levels left.
You didn't know any spells.
Your spell library contained the following spells:

 Spells                   Type           Power      Damage    Failure   Level
 Slow                     Hex            0%         N/A       52%         1
 Cigotuvi's Dreadful Rot  Necr/Pois/Air  0%         N/A       67%         2
 Confusing Touch          Hex            0%         N/A       88%         3
 Ignite Poison            Fire/Tmut/Pois 0%         N/A       88%         3
 Sigil of Binding         Hex            0%         N/A       88%         3
 Stone Arrow              Conj/Erth      0%         3d7       88%         3
 Vampiric Draining        Necr           0%         2d6       88%         3
 Animate Armour           Summ/Erth      0%         N/A       99%         4
 Freezing Cloud           Conj/Ice/Air   0%         6-21      100%        5
 Lehudib's Crystal Spear  Conj/Erth      0%         10d2      100%        8


Dungeon Overview and Level Annotations

Branches:
Dungeon (4/15)
 Temple: D:4-7

Altars:
Dithmenos
Qazlal


Innate Abilities, Weirdness & Mutations

You have a pair of horns on your head.
You reflexively headbutt those who attack you in melee.


Message History

The black bear bites you.
The black bear claws you but does no damage. x2
You shoot an arrow. The arrow barely misses the black bear.
The black bear bites you. The black bear closely misses you.
The black bear claws you but does no damage.
You shoot an arrow.
The arrow hits the black bear but does no damage.
The black bear is severely wounded.
The black bear bites you. The black bear barely misses you.
The black bear claws you but does no damage.
Unknown command.
You shoot an arrow.
The arrow closely misses the black bear.
The black bear bites you. The black bear misses you.
The black bear barely misses you. The black bear bites you.
The black bear barely misses you. x2
Unknown command.
You are too injured to fight recklessly!
Unknown command.
You are too injured to fight recklessly!
You are too injured to fight recklessly!
You shoot an arrow. The arrow hits the black bear!
The black bear is almost dead.
The black bear goes berserk!
You shoot an arrow. The arrow hits the black bear.
The black bear is almost dead.
The black bear bites you. The black bear claws you.
* * * LOW HITPOINT WARNING * * *
The black bear claws you.
* * * LOW HITPOINT WARNING * * *
You shoot an arrow. The arrow barely misses the black bear.
You hear an angry hiss.
The black bear bites you.
* * * LOW HITPOINT WARNING * * *
The black bear claws you.
* * * LOW HITPOINT WARNING * * *
The black bear claws you.
* * * LOW HITPOINT WARNING * * *
The black bear bites you!
You die...

..# # ....
..#.#####.
#########.#.....#.
#.............# #.
###
#.#####...#######.
... #.#
#......(.... ..
#.# #..##..#####
#.#.#.#
#...........
#...h@#
#.##.#.....#
###.###
#..........# #.
.....#.#...# #
#####.#.#####
###.# ..# ###


You could see a black bear (berserk).

Vanquished Creatures
  An iguana (D:4)
  3 gnolls (D:2)
  5 adders
  A worm (D:4)
  3 dart slugs (D:1)
  An orc (D:3)
  2 ball pythons (D:1)
  6 bats
  7 endoplasms
  2 giant cockroaches (D:1)
  6 goblins
  6 hobgoblins
  2 jackals (D:1)
  5 kobolds
  2 quokkas
  2 frilled lizards
  7 rats
61 creatures vanquished.

Notes
Turn   | Place    | Note
-------+----------+-------------------------------------------
     0 | D:1      | gruber the Minotaur Hunter began the quest for the Orb.
     0 | D:1      | Reached XP level 1. HP: 18/18 MP: 0/0
    73 | D:1      | Reached XP level 2. HP: 25/25 MP: 1/1
    97 | D:1      | Reached skill level 5 in Ranged Weapons
   381 | D:1      | Reached XP level 3. HP: 27/30 MP: 2/2
   754 | D:2      | Reached skill level 6 in Ranged Weapons
  1032 | D:2      | Found a faded altar of an unknown god.
  1056 | D:2      | Reached XP level 4. HP: 37/37 MP: 3/3
  1509 | D:3      | Found a shadowy altar of Dithmenos.
  1510 | D:3      | Found a stormy altar of Qazlal.
  1921 | D:3      | Reached skill level 7 in Ranged Weapons
  1921 | D:3      | Reached XP level 5. HP: 42/42 MP: 4/4
  2386 | D:4      | Noticed a black bear
  2398 | D:4      | HP: 1/42 [black bear (3)]
  2398 | D:4      | Mangled by a black bear

Illustrated notes

Levels and vault maps discovered:
D:1:      minmay_arrival_five_plusses, layout_rooms, minmay_door_square
D:2:      layout_basic, shapermc_ecumenical_altar_flowoftime
D:3:      layout_basic, minitemple
D:4:      layout_basic, guppyfry_shop_venom

Skill      XL: |  1  2  3  4 |
---------------+-------------+-----
Ranged Weapons | 5 6 7 |  7.2
Fighting       | |  2.4
Dodging        | |  2.1
Stealth        | |  0.7

Action                     |  1- 3 |  4- 6 || total
---------------------------+-------+-------++-------
   Fire: Shortbow          |   103 |    92 ||   195
 Armour: Leather armour    |    26 |    24 ||    50
  Dodge: Dodged            |    33 |    19 ||    52

Table legend: (Time is in decaauts)
 A = Elapsed time spent in this place.
 B = Non-inter-level travel time spent in this place.
 C = Inter-level travel time spent in this place.
 D = Time resting spent in this place.
 E = Time spent auto-exploring this place.
 F = Levels seen in this place.
 G = Mean time per level.
                   A        B        C        D        E       F      G
               +--------+--------+--------+--------+--------+-----+--------+
         Total |   2424 |   2225 |    199 |      0 |   1880 |   4 |  606.0 |
       Dungeon |   2424 |   2225 |    199 |      0 |   1880 |   4 |  606.0 |
               +--------+--------+--------+--------+--------+-----+--------+

Top non-repeatable levels by time:
     D:3: 857 daAuts
     D:2: 757 daAuts
     D:1: 694 daAuts
     D:4: 114 daAuts
